 Dungeon Crawl Stone Soup version 0.29.1-15-g9cfb28693d (webtiles) character file.

Game seed: 11152134872661687512

7720 CrazyMind the Destroyer (level 11, -4/81 HPs)
             Began as a Gnoll Conjurer on Apr 4, 2023.
             Was an Initiate of Gozag.
             Slain by a polar bear (10 damage)
             ... on level 9 of the Dungeon.
             The game lasted 00:52:57 (10763 turns).

CrazyMind the Destroyer (Gnoll Conjurer)           Turns: 10763, Time: 00:52:58

Health: -4/81      AC:  8    Str:  6    XL:     11   Next: 19%
Magic:  8/23       EV: 13    Int: 23    God:    Gozag
Gold:   1080       SH:  0    Dex: 10    Spells: 12/26 levels left

rFire   . . .      SeeInvis .   o - +2 dagger (speed)
rCold   . . .      Faith    .   (no shield)
rNeg    + . .      Spirit   .   r - +0 leather armour
rPois   .          Reflect  .   D - +0 helmet
rElec   .          Harm     .   t - scarf {repulsion}
rCorr   .          Rampage  .   H - +2 pair of gloves
Will    .....                   (no boots)
Stlth   +++.......              (no amulet)
HPRegen 0.23/turn               c - ring of positive energy
MPRegen 0.18/turn               (no ring)

@: very slightly contaminated, repel missiles
A: fangs 1, strong nose, distributed training
a: Renounce Religion, Potion Petition, Call Merchant, Bribe Branch


You were on level 9 of the Dungeon.
You worshipped Gozag.
Gozag was most pleased with you.
You visited 2 branches of the dungeon, and saw 10 of its levels.

You collected 1574 gold pieces.
You paid 494 gold pieces to Gozag.

Inventory:

Hand Weapons
 e - a +3 dagger
 o - a +2 dagger of speed (weapon)
 F - a +2 short sword of speed
 M - a +0 sling of freezing
 Q - a +3 short sword of freezing
Missiles
 g - 3 javelins
 q - 2 throwing nets
 z - 4 atropa-tipped darts
 A - 14 boomerangs (quivered)
 E - 22 poisoned darts
 N - a curare-tipped dart
Armour
 r - a +0 leather armour (worn)
 t - a scarf of repulsion (worn)
 D - a +0 helmet (worn)
 H - a +2 pair of gloves (worn)
Jewellery
 c - a ring of positive energy (left hand)
Wands
 a - a wand of polymorph (6)
 y - a wand of paralysis (7)
 I - a wand of quicksilver (4)
 J - a wand of roots (5)
 L - a wand of mindburst (15)
Scrolls
 d - 2 scrolls of poison
 i - 6 scrolls of teleportation
 j - a scroll of torment {unknown}
 m - a scroll of vulnerability {unknown}
 s - a scroll of fear
 u - a scroll of fog {unknown}
 x - 4 scrolls of enchant weapon {unknown}
 B - a scroll of brand weapon {unknown}
 C - a scroll of blinking {unknown}
 G - a scroll of magic mapping {unknown}
 O - a scroll of amnesia {unknown}
Potions
 b - 2 potions of magic
 f - 6 potions of curing
 h - a potion of resistance {unknown}
 k - 2 potions of cancellation
 l - a potion of mutation {unknown}
 n - 4 potions of ambrosia
 p - 2 potions of attraction {unknown}
 v - a potion of invisibility {unknown}
 w - a potion of heal wounds
 K - 3 potions of lignification {unknown}
 P - a potion of brilliance


   Skills:
 + Level 6.3 Fighting
 + Level 6.3 Short Blades
 + Level 6.3 Long Blades
 + Level 6.3 Axes
 + Level 6.3 Maces & Flails
 + Level 6.3 Polearms
 + Level 6.3 Staves
 + Level 6.3 Ranged Weapons
 + Level 6.3 Throwing
 + Level 6.3 Armour
 + Level 7.9 Dodging
 + Level 7.6 Stealth
 + Level 6.3 Shields
 + Level 6.3 Unarmed Combat
 + Level 8.1 Spellcasting
 + Level 8.9 Conjurations
 + Level 5.2 Hexes
 + Level 5.2 Summonings
 + Level 5.2 Necromancy
 + Level 5.2 Translocations
 + Level 5.2 Transmutations
 + Level 5.2 Fire Magic
 + Level 5.2 Ice Magic
 + Level 5.2 Air Magic
 + Level 5.2 Earth Magic
 + Level 5.2 Poison Magic
 + Level 6.9 Invocations
 + Level 6.3 Evocations


You had 12 spell levels left.
You knew the following spells:

 Your Spells              Type           Power      Damage    Failure   Level
a - Magic Dart            Conj           100%       1d8       1%          1
b - Searing Ray           Conj           100%       2d8       1%          2
c - Dazzling Flash        Conj/Hex       84%        N/A       1%          3
d - Iskenderun's Mystic   Conj/Tloc      42%        2d10      5%          4
e - Fulminant Prism       Conj/Hex       21%        3d13      5%          4

Your spell library contained the following spells:

 Spells                   Type           Power      Damage    Failure   Level
 Slow                     Hex            100%       N/A       1%          1
 Static Discharge         Conj/Air       42%        3-9/arc   1%          2
 Confusing Touch          Hex            33%        N/A       3%          3
 Gell's Gravitas          Tloc           33%        N/A       3%          3
 Teleport Other           Tloc           33%        N/A       3%          3
 Vampiric Draining        Necr           33%        2d8       3%          3
 Sticky Flame             Conj/Fire      42%        2d6       5%          4
 Dispel Undead            Necr           33%        3d14      12%         4
 Passage of Golubria      Tloc           33%        N/A       12%         4
 Silence                  Hex/Air        16%        N/A       32%         5
 Dispersal                Tloc           16%        N/A       87%         6
 Lehudib's Crystal Spear  Conj/Erth      21%        10d6      100%        8


Dungeon Overview and Level Annotations

Branches:
Dungeon (9/15)             Temple (1/1) D:4            Lair (0/5) D:8
    Orc: D:9-12

Altars:
Ashenzari
Cheibriados
Dithmenos
Elyvilon
Fedhas
Gozag
Hepliaklqana
Kikubaaqudgha
Makhleb
Nemelex Xobeh
Okawaru
Qazlal
Ru
Sif Muna
Trog
Uskayaw
Vehumet
Wu Jian
Xom
Yredelemnul
Zin
The Shining One

Annotations:
D:8 exclusion: downstairs
D:9 Psyche


Innate Abilities, Weirdness & Mutations

You have very sharp teeth.
Your uncanny sense of smell can sniff out nearby items.
Your experience applies equally to all skills.


Message History

(Press . to maintain the ray.)
The polar bear bites you! The polar bear closely misses you.
The polar bear misses you.
The searing ray hits the polar bear.
The polar bear is severely wounded.
The polar bear bites you! The polar bear misses you. x2
The searing ray misses the polar bear.
The polar bear bites you but does no damage.
The polar bear barely misses you.
The polar bear claws you but does no damage.
The searing ray hits the polar bear.
The polar bear is severely wounded.
You finish channelling your searing ray.
The polar bear goes berserk!
Casting: Searing Ray (safe; 1% risk of failure)
Confirm with . or Enter, or press ? or * to list all spells.
Aiming: Searing Ray (safe; 1% risk of failure)
Press: ? - help, Shift-Dir - straight line, f/p - polar bear
Aim: a polar bear (severely wounded, berserk, 87% to hit)
The searing ray hits the polar bear!
The polar bear is almost dead. (Press . to maintain the ray.)
The polar bear bites you. The polar bear claws you.
The polar bear claws you but does no damage.
The polar bear bites you!! The polar bear barely misses you. x2
The searing ray hits the polar bear.
The polar bear is almost dead.
The polar bear bites you!!
* * * LOW HITPOINT WARNING * * *
The polar bear claws you but does no damage. x2
Casting: Searing Ray (safe; 1% risk of failure)
Confirm with . or Enter, or press ? or * to list all spells.
You miscast Iskenderun's Mystic Blast.
You are very lightly contaminated with residual magic.
Nothing appears to happen.
The polar bear closely misses you. The polar bear claws you.
* * * LOW HITPOINT WARNING * * *
The polar bear barely misses you. The polar bear bites you!
You die...
Your body crumbles into a pile of gold.

####................#
#.####.#......##.# #...
...#.#...###.#
#..####.#.##.####.######
#..# #.#.#............#
#..# #.#.#..####.####.#
###..# #...........#
..... ∆ .........####
#### ...)...#@#
###.####h# #.# #.# # #.#
###### #### #.## .....#
.... #..# ####.#...#
#........ ####.#..#
.....~~.. ........#
...~.~≈~..


You could see a polar bear (berserk).

Vanquished Creatures
  A hydra (D:7)
  Pikel (D:8)
  An ugly thing (D:8)
  Joseph (D:8)
  2 trolls (D:7)
  2 polar bears (D:9)
  Prince Ribbit (D:6)
  A wyvern (D:8)
  An unseen horror simulacrum (D:9)
  A basilisk (D:8)
  7 yaks
  A steam dragon (D:8)
  Menkaure (D:6)
  Duvessa (D:6)
  An ice beast (D:5)
  An orc warrior (D:9)
  A sky beast (D:7)
  A black bear (D:8)
  2 centaurs
  4 ogres
  2 lemures (D:8)
  4 bullfrogs
  3 kobold brigands
  3 necrophages
  4 scorpions
  Dowan (D:6)
  8 wights
  2 howler monkeys
  2 hounds
  4 orc priests
  3 jellies
  Jessica (D:2)
  3 gnoll boudas
  8 iguanas
  3 orc wizards
  13 gnolls
  2 adders
  A shadow imp (D:7)
  2 ufetubi
  3 worms (D:3)
  4 dart slugs
  12 orcs
  7 endoplasms
  4 giant cockroaches
  4 hobgoblins
  6 jackals
  2 quokkas
  9 ball pythons
  14 bats
  3 frilled lizards
  12 goblins
  22 kobolds
  3 rats (D:3)
206 creatures vanquished.

Vanquished Creatures (others)
  3 fulminant prisms (D:8)
  9 plants
  4 withered plants (D:5)
16 creatures vanquished.

Grand Total: 222 creatures vanquished

Notes
Turn   | Place    | Note
-------+----------+-------------------------------------------
     0 | D:1      | CrazyMind the Gnoll Conjurer began the quest for the Orb.
     0 | D:1      | Reached XP level 1. HP: 13/13 MP: 6/6
   148 | D:1      | Reached XP level 2. HP: 19/19 MP: 3/7
   151 | D:1      | Learned a level 2 spell: Searing Ray
   768 | D:1      | Reached skill level 5 in Spellcasting
   768 | D:1      | Reached XP level 3. HP: 21/25 MP: 4/9
   773 | D:1      | Learned a level 3 spell: Dazzling Flash
   942 | D:1      | Found a faded altar of an unknown god.
  1284 | D:2      | Reached skill level 1 in Invocations
  1478 | D:2      | Noticed Jessica
  1960 | D:2      | Killed Jessica
  1961 | D:2      | Reached skill level 1 in Fighting
  1961 | D:2      | Reached skill level 1 in Short Blades
  1961 | D:2      | Reached skill level 1 in Long Blades
  1961 | D:2      | Reached skill level 1 in Axes
  1961 | D:2      | Reached skill level 1 in Maces & Flails
  1961 | D:2      | Reached skill level 1 in Polearms
  1961 | D:2      | Reached skill level 1 in Staves
  1961 | D:2      | Reached skill level 1 in Ranged Weapons
  1961 | D:2      | Reached skill level 1 in Throwing
  1961 | D:2      | Reached skill level 1 in Armour
  1961 | D:2      | Reached skill level 1 in Shields
  1961 | D:2      | Reached skill level 1 in Unarmed Combat
  1961 | D:2      | Reached skill level 1 in Evocations
  1961 | D:2      | Reached XP level 4. HP: 18/32 MP: 4/11
  2183 | D:3      | Reached skill level 1 in Hexes
  2183 | D:3      | Reached skill level 1 in Summonings
  2183 | D:3      | Reached skill level 1 in Necromancy
  2183 | D:3      | Reached skill level 1 in Translocations
  2183 | D:3      | Reached skill level 1 in Transmutations
  2183 | D:3      | Reached skill level 1 in Fire Magic
  2183 | D:3      | Reached skill level 1 in Ice Magic
  2183 | D:3      | Reached skill level 1 in Air Magic
  2183 | D:3      | Reached skill level 1 in Earth Magic
  2183 | D:3      | Reached skill level 1 in Poison Magic
  2270 | D:3      | Reached XP level 5. HP: 37/37 MP: 6/12
  2900 | D:4      | Noticed an ogre
  3031 | D:3      | Reached skill level 5 in Dodging
  3031 | D:3      | Reached XP level 6. HP: 32/44 MP: 2/14
  3341 | D:4      | Reached XP level 7. HP: 50/50 MP: 7/15
  3486 | D:4      | Found a staircase to the Ecumenical Temple.
  3495 | Temple   | Entered the Ecumenical Temple
  3807 | Temple   | Became a worshipper of Gozag Ym Sagoz the Greedy
  4353 | D:4      | Reached skill level 5 in Stealth
  4380 | D:5      | Entered Level 5 of the Dungeon
  4769 | D:5      | Found an ancient bone altar of Kikubaaqudgha.
  4963 | D:4      | Reached XP level 8. HP: 54/58 MP: 16/16
  5894 | D:6      | Noticed Duvessa
  5898 | D:6      | Noticed Dowan
  6293 | D:6      | Noticed Prince Ribbit
  6360 | D:6      | Noticed Menkaure
  6632 | D:7      | Reached XP level 9. HP: 65/65 MP: 11/18
  6644 | D:6      | Learned a level 4 spell: Iskenderun's Mystic Blast
  6887 | D:7      | Found the +1 robe of Vines {NoPotionHeal Regen++++}
  6890 | D:7      | Noticed an eight-headed hydra
  6898 | D:7      | Noticed a troll
  6905 | D:7      | Killed a troll
  6911 | D:7      | Noticed a troll
  6920 | D:7      | Killed a troll
  7009 | D:7      | Found a shadowy altar of Dithmenos.
  7144 | D:6      | Killed Duvessa
  7170 | D:6      | Killed Dowan
  7171 | D:6      | Reached skill level 5 in Invocations
  7286 | D:6      | Killed Menkaure
  7370 | D:6      | Killed Prince Ribbit
  7692 | D:7      | Killed an eight-headed hydra
  7693 | D:7      | Reached skill level 5 in Fighting
  7693 | D:7      | Reached skill level 5 in Short Blades
  7693 | D:7      | Reached skill level 5 in Long Blades
  7693 | D:7      | Reached skill level 5 in Axes
  7693 | D:7      | Reached skill level 5 in Maces & Flails
  7693 | D:7      | Reached skill level 5 in Polearms
  7693 | D:7      | Reached skill level 5 in Staves
  7693 | D:7      | Reached skill level 5 in Ranged Weapons
  7693 | D:7      | Reached skill level 5 in Throwing
  7693 | D:7      | Reached skill level 5 in Armour
  7693 | D:7      | Reached skill level 5 in Shields
  7693 | D:7      | Reached skill level 5 in Unarmed Combat
  7693 | D:7      | Reached skill level 5 in Evocations
  7693 | D:7      | Reached XP level 10. HP: 74/74 MP: 20/20
  7823 | D:8      | Noticed a cyan ugly thing
  8077 | D:8      | Found a transporter.
  8097 | D:8      | Found a transporter.
  8098 | D:8      | Noticed Joseph
  8099 | D:8      | Found a transporter.
  8099 | D:8      | Found a transporter.
  8343 | D:8      | Learned a level 4 spell: Fulminant Prism
  8354 | D:8      | Killed Joseph
  8562 | D:8      | Noticed Pikel
  8570 | D:8      | Killed Pikel
  9164 | D:8      | Found a staircase to the Lair.
  9361 | D:8      | Killed a green ugly thing
  9462 | D:8      | Found a glowing golden altar of the Shining One.
  9878 | D:9      | Reached skill level 5 in Hexes
  9878 | D:9      | Reached skill level 5 in Summonings
  9878 | D:9      | Reached skill level 5 in Necromancy
  9878 | D:9      | Reached skill level 5 in Translocations
  9878 | D:9      | Reached skill level 5 in Transmutations
  9878 | D:9      | Reached skill level 5 in Fire Magic
  9878 | D:9      | Reached skill level 5 in Ice Magic
  9878 | D:9      | Reached skill level 5 in Air Magic
  9878 | D:9      | Reached skill level 5 in Earth Magic
  9878 | D:9      | Reached skill level 5 in Poison Magic
  9882 | D:9      | Reached XP level 11. HP: 81/81 MP: 9/22
 10612 | D:9      | Noticed Psyche
 10763 | D:9      | Slain by a polar bear

Illustrated notes

Levels and vault maps discovered:
D:1:      dpeg_arrival_stone_temple_mockup, layout_loops_ring,
          shapermc_ecumenical_altar_totnotflames, reono_crystal_passage,
          minmay_ruptured
D:2:      layout_basic, serial_bayou_pond_d, uniq_jessica
D:3:      layout_rooms, kennysheep_generic_room_6
D:4:      layout_cave_pools, minmay_temple_entry_glass, minmay_ogre_servants
D:5:      layout_loops_ring, kiku_gazebo_garden_becter,
          minmay_misc_feat_more_columns, minmay_misc_feat_iff, roderic_batcave,
          minmay_misc_feat_four_crosses, eino_tiny_chamber, eino_curves_02
D:6:      layout_rooms, uniq_menkaure, uniq_duvessa, uniq_prince_ribbit1
D:7:      layout_rooms, mainiacjoe_overflow_alcove_4,
          hellmonk_guarded_unrand_vines
D:8:      layout_basic, tso_altar, david_lair_generic, nicolae_diode_quadrants,
          uniq_pikel, uniq_joseph
D:9:      layout_loops_ring, serial_ice, serial_ice_d, serial_ice_e,
          serial_ice_g, serial_ice_n, serial_ice_m, serial_ice_l, serial_ice_f,
          serial_ice_c, uniq_psyche
Temple:   compressed_dpeg_triangle_lava_temple

Skill      XL: |  1  2  3  4  5  6  7  8  9 10 11 |
---------------+----------------------------------+-----
Spellcasting   | 5 6 7 8 |  8.1
Invocations    | 1 2 3 4 5 6 |  6.9
Fighting       | 1 2 3 5 6 |  6.3
Short Blades   | 1 2 3 5 6 |  6.3
Long Blades    | 1 2 3 5 6 |  6.3
Axes           | 1 2 3 5 6 |  6.3
Maces & Flails | 1 2 3 5 6 |  6.3
Polearms       | 1 2 3 5 6 |  6.3
Staves         | 1 2 3 5 6 |  6.3
Ranged Weapons | 1 2 3 5 6 |  6.3
Throwing       | 1 2 3 5 6 |  6.3
Armour         | 1 2 3 5 6 |  6.3
Shields        | 1 2 3 5 6 |  6.3
Unarmed Combat | 1 2 3 5 6 |  6.3
Evocations     | 1 2 3 5 6 |  6.3
Hexes          | 1 2 3 4 5 |  5.2
Summonings     | 1 2 3 4 5 |  5.2
Necromancy     | 1 2 3 4 5 |  5.2
Translocations | 1 2 3 4 5 |  5.2
Transmutations | 1 2 3 4 5 |  5.2
Fire Magic     | 1 2 3 4 5 |  5.2
Ice Magic      | 1 2 3 4 5 |  5.2
Air Magic      | 1 2 3 4 5 |  5.2
Earth Magic    | 1 2 3 4 5 |  5.2
Poison Magic   | 1 2 3 4 5 |  5.2
Dodging        | 5 6 7 |  7.9
Stealth        | 5 6 7 |  7.6
Conjurations   | 8 |  8.9

Action                   |  1- 3 |  4- 6 |  7- 9 | 10-12 || total
-------------------------+-------+-------+-------+-------++-------
Melee: Unarmed           |     1 |       |       |       ||     1
       Spear             |    13 |       |       |       ||    13
       Bite              |     3 |     1 |     4 |     3 ||    11
       Short sword       |    13 |       |       |       ||    13
       Punch             |     1 |       |       |     1 ||     2
       Dagger            |       |    25 |    25 |    20 ||    70
Throw: Boomerang         |       |       |    12 |    21 ||    33
       Dart              |       |       |       |     4 ||     4
 Cast: Magic Dart        |    31 |    33 |    50 |     3 ||   117
       Searing Ray       |     7 |    13 |    44 |    45 ||   109
       Dazzling Flash    |       |     2 |       |     1 ||     3
       Iskenderun's Myst |       |       |       |     7 ||     7
       Fulminant Prism   |       |       |       |     3 ||     3
Invok: Potion Petition   |       |       |       |     2 ||     2
Evoke: Wand              |       |       |    19 |    11 ||    30
  Use: Scroll            |       |     6 |     3 |     1 ||    10
       Potion            |       |       |       |     1 ||     1
 Stab: Sleeping          |     7 |     7 |     5 |     2 ||    21
       Paralysed         |       |       |    12 |     4 ||    16
       Distracted        |       |       |       |     1 ||     1
Armor: Robe              |     3 |       |       |       ||     3
       Leather armour    |       |     3 |    16 |    31 ||    50
Dodge: Dodged            |    20 |    15 |    51 |    62 ||   148
       Repelled          |       |       |       |     2 ||     2
